 Dungeon Crawl Stone Soup version 0.25.1-2-g60ff931df9 (webtiles) character file.

Game seed: 12191276326421346859

119 DearestLeader the Distorting Demonspawn (level 4, -7/35 HPs)
             Began as a Demonspawn Abyssal Knight on Oct 5, 2020.
             Was a Believer of Lugonu.
             Mangled by a wyvern (17 damage)
             ... on level 4 of the Dungeon.
             The game lasted 00:05:27 (3538 turns).

DearestLeader the Distorting Demonspawn (DsAK)      Turns: 3538, Time: 00:05:28

Health: -7/35      AC:  5    Str: 13    XL:     4   Next: 74%
Magic:  7/7        EV: 12    Int: 14    God:    Lugonu [**....]
Gold:   193        SH:  0    Dex: 12    Spells: 3/3 levels left

rFire    . . .     SeeInvis .   r - +4 broad axe
rCold    . . .     Gourm    .   (no shield)
rNeg     . . .     Faith    .   n - +0 leather armour (curse)
rPois    .         Spirit   .   p - +0 helmet (curse)
rElec    .         Reflect  .   m - +0 cloak
rCorr    .         Harm     .   (no gloves)
MR       .....                  (no boots)
Stlth    +.........             d - amulet of the acrobat
HPRegen  0.11/turn              (no ring)
MPRegen  0.10/turn              (no ring)

@: no status effects
A: rot immunity
a: Depart the Abyss, Bend Space, Renounce Religion


You were on level 4 of the Dungeon.
You worshipped Lugonu.
Lugonu was pleased with you.
You were not hungry.

You visited 1 branch of the dungeon, and saw 4 of its levels.
You visited the Abyss 1 time.

You collected 193 gold pieces.

Inventory:

Hand Weapons
 a - a +1 hand axe
 q - a +0 war axe
 r - a +4 broad axe (weapon)
Armour
 m - a +0 cloak (worn)
 n - a cursed +0 leather armour (worn)
 p - a cursed +0 helmet (worn)
 s - a +0 chain mail
Jewellery
 d - an amulet of the acrobat (around neck)
Wands
 j - a wand of flame (11)
Scrolls
 b - a scroll of blinking {unknown}
 e - a scroll of teleportation
 l - a scroll of amnesia
Potions
 g - 2 potions of flight {unknown}
 h - a potion of brilliance {unknown}
 i - a potion of heal wounds {unknown}
 k - a potion of lignification
 o - 2 potions of curing {unknown}
 t - a potion of resistance {unknown}
Comestibles
 c - 7 rations


   Skills:
 - Level 3.0 Fighting
 * Level 2.0 Axes
 + Level 2.9 Armour
 - Level 2.3 Dodging
 + Level 4.1 Invocations


You had 3 spell levels left.
You didn't know any spells.
Your spell library was empty.

Dungeon Overview and Level Annotations

Branches:
Dungeon (4/15)             Temple (0/1) D:4

Altars:
Gozag
Vehumet
Yredelemnul
The Shining One

Annotations:
D:3 1 runed translucent door


Innate Abilities, Weirdness & Mutations

You are immune to rotting.


Message History

A wyvern comes into view.
You barely miss the wyvern. The wyvern closely misses you.
The wyvern bites you but does no damage.
The wyvern bites you!
You closely miss the wyvern. The wyvern closely misses you. x2
You hit the wyvern.
The wyvern is lightly wounded.
The wyvern bites you. The wyvern misses you.
You hit the wyvern.
The wyvern is heavily wounded.
The wyvern bites you.
* * * LOW HITPOINT WARNING * * *
The wyvern barely misses you. x2
You hit the wyvern.
The wyvern is severely wounded.
The wyvern barely misses you. x2
You closely miss the wyvern.
The wyvern is severely wounded.
The wyvern bites you!
You die...

#...........##
##........###
#.......## #####
.####.....## ##....#
........### ##.......
........## ##........
..#...#..###.....(...
. #...#..#...........
.....##....@l.......
###### ##.##........#
#######....## #####


You could see a wyvern.

Vanquished Creatures
  Robin (D:3)
  3 adders
  An adder skeleton (D:4)
  A worm (D:3)
  A dart slug (D:3)
  5 orcs (D:3)
  A ball python (D:2)
  5 bats
  A giant cockroach (D:1)
  14 goblins
  8 hobgoblins
  3 jackals (D:3)
  7 kobolds
  A quokka (D:3)
  5 frilled lizards
  A goblin skeleton (D:3)
  A kobold skeleton (D:3)
  5 rats
64 creatures vanquished.

Notes
Turn   | Place    | Note
-------+----------+-------------------------------------------
     0 | Abyss:1  | DearestLeader the Demonspawn Abyssal Knight began the quest
                  | for the Orb.
     0 | Abyss:1  | Reached XP level 1. HP: 18/18 MP: 2/2
    43 | Abyss:1  | Found a corrupted altar of Lugonu.
    48 | Abyss:1  | Noticed a cacodemon
    49 | D:1      | Escaped the Abyss
   213 | D:1      | Reached * piety under Lugonu
   218 | D:1      | Reached skill level 1 in Dodging
   441 | D:1      | Gained mutation: You are immune to rotting. [demonic
                  | ancestry]
   441 | D:1      | Reached XP level 2. HP: 20/24 MP: 4/4
   528 | D:1      | Reached skill level 3 in Invocations
   913 | D:2      | Found a radiant altar of Vehumet.
   961 | D:2      | Found an opulent altar of Gozag.
  1111 | D:2      | Reached XP level 3. HP: 26/29 MP: 5/5
  1183 | D:2      | Found a glowing golden altar of the Shining One.
  2116 | D:3      | Noticed Robin
  2125 | D:3      | Reached XP level 4. HP: 29/35 MP: 6/6
  2143 | D:3      | Killed Robin
  2239 | D:3      | Reached skill level 4 in Invocations
  2373 | D:3      | Reached ** piety under Lugonu
  2575 | D:3      | Found a runed translucent door.
  2575 | D:3      | Noticed a human
  2736 | D:3      | Found a basalt altar of Yredelemnul.
  3456 | D:4      | Found a staircase to the Ecumenical Temple.
  3529 | D:4      | Noticed a wyvern
  3538 | D:4      | Mangled by a wyvern

Illustrated notes

Levels and vault maps discovered:
D:1:      ebering_trefoil_3fold, layout_rooms
D:2:      layout_loops_ring, nicolae_gozag_cash_rules_everything_around_me,
          overflow_temple_1_default, lemuel_round_altar, serial_glass,
          glass_columns_a, glass_columns_c, glass_columns_a, glass_columns_a,
          glass_columns_b, glass_columns_b, glass_columns_b, glass_columns_a,
          glass_columns_c, glass_columns_a, glass_columns_c, glass_columns_b,
          glass_columns_a, glass_columns_c
D:3:      layout_loops_corners, dk_yredelemnul_ordeal, uniq_robin
D:4:      layout_cave_pods, nemelex_xobeh_ov_fountains_minmay,
          minmay_temple_entry_sparse_star, first_ration

Skill      XL: |  1  2  3  4 |
---------------+-------------+-----
Axes           | 2 |  2.0
Dodging        | 1 2 |  2.3
Armour         | 2 |  2.9
Invocations    | 3 4 |  4.1
Fighting       | |  3.0

Action                   |  1- 3 |  4- 6 || total
-------------------------+-------+-------++-------
Melee: Hand axe          |   117 |    80 ||   197
       Broad axe         |       |    15 ||    15
Invok: Depart the Abyss  |     1 |       ||     1
  Use: Scroll            |       |     4 ||     4
 Stab: Sleeping          |     1 |       ||     1
  Eat: Chunk             |     4 |     4 ||     8
Armor: Leather armour    |    31 |    36 ||    67
Dodge: Dodged            |    92 |    74 ||   166
